 Dungeon Crawl Stone Soup version 0.18-a0-955-g171f012 (webtiles) character file.

510672 crawl the Skullcrusher (level 25, -2/169 HPs)
             Began as a Gargoyle Fighter on Dec 31, 2015.
             Was an Initiate of Ashenzari.
             Killed from afar by a deep elf annihilator (19 damage)
             ... with a crystal spear
             ... on level 5 of the Vaults on Jan 1, 2016.
             The game lasted 03:38:46 (61542 turns).

crawl the Skullcrusher (Gargoyle Fighter)          Turns: 61542, Time: 03:38:47

Health: -2/169     AC: 57    Str: 24    XL:     25   Next: 52%
Magic:  0/32       EV: 22    Int:  7    God:    Ashenzari [......]
Gold:   2931       SH: 21    Dex: 31    Spells: 4 memorised, 11 levels left

rFire  + + .     SeeInvis .     u - +3 eveningstar "Xabin" {crush, rC+} (curse)
rCold  . . .     Gourm    +     r - +8 chain mail of the Journeyman {*Confuse +Inv Regen+ Dex+6} (curse)
rNeg   + + +     Faith    .     E - +4 shield {AC+3} (curse)
rPois  ∞         Spirit   +     n - +2 hat of the Bear Spirit {Spirit, +Rage rN+ MR++} (curse)
rElec  +         Dismiss  .     z - +2 cloak {MR+} (curse)
rCorr  .         Reflect  .     s - +2 pair of gloves of Crawling {+Blink rN+ MR+}
SustAt .         Harm     .     v - +2 pair of boots {run} (curse)
MR     +++++                    i - amulet of Xom's Fair Game {Gourm Dex+5} (curse)
Stlth  ..........               W - ring "Saast" {Fire Str-3 Int-4 Dex+8 Slay+5} (curse)
                                G - ring of Ashenzari's Anger {+Fly rPois rN++ Slay+6} (curse)

@: flying, quick, almost entirely resistant to hostile enchantments, extremely
unstealthy
A: big wings, thin metallic scales 1, fire resistance 1, negative energy
resistance 1, electricity resistance, unbreathing, petrification resistance, rot
immunity, sturdy frame 1, AC +19
a: Stop Flying, Renounce Religion, Evoke Blink, Evoke Berserk Rage, Evoke
Invisibility
}: 2/15 runes: barnacled, gossamer


You were on level 5 of the Vaults.
You worshipped Ashenzari.
Ashenzari was noncommittal.
You were not hungry.

You visited 11 branches of the dungeon, and saw 49 of its levels.
You also visited: Labyrinth, Ice Cave and Volcano.

You collected 5158 gold pieces.
You spent 2227 gold pieces at shops.

Inventory:

Hand Weapons
 u - the cursed +3 eveningstar "Xabin" (weapon) {crush, rC+}
   (Okawaru gifted it to you on level 8 of the Lair of Beasts)

   It inflicts extra damage upon your enemies.
   It protects you from cold.
   It has a curse placed upon it.
 O - a +0 vampiric morningstar
 X - the +7 great mace "Undeadhunter" {disrupt, rN+}
   (You acquired it on level 12 of the Dungeon)

   It protects you from negative energy.
Armour
 c - the +0 cloak of Ladders and Snakes {rN+ rCorr Stlth+}
   (Okawaru gifted it to you on level 4 of the Shoals)

   It protects you from negative energy.
   It protects you from acid and corrosion.
   It makes you more stealthy.
 n - the cursed +2 hat of the Bear Spirit (worn) {Spirit, +Rage rN+ MR++}
   (Okawaru gifted it to you on level 6 of the Lair of Beasts)

   It protects you from negative energy.
   It affects your resistance to hostile enchantments.
   It lets you go berserk.
   It has a curse placed upon it.
 r - the cursed +8 chain mail of the Journeyman (worn) {*Confuse +Inv Regen+ Dex+6}
   (You took it off a deep elf blademaster on level 3 of the Elven Halls)

   It affects your dexterity (+6).
   It lets you turn invisible.
   It increases your rate of regeneration.
   It may confuse you when you take damage.
   It has a curse placed upon it.
 s - the +2 pair of gloves of Crawling (worn) {+Blink rN+ MR+}
   (Okawaru gifted it to you on level 2 of the Orcish Mines)

   It protects you from negative energy.
   It affects your resistance to hostile enchantments.
   It lets you blink.
 v - a cursed +2 pair of boots of running (worn)
 z - a cursed +2 cloak of magic resistance (worn)
 B - a +2 pair of gloves of strength
 E - a cursed +4 shield of protection (worn)
Magical Staves
 Z - an uncursed staff of wizardry
Jewellery
 i - the cursed amulet of Xom's Fair Game (around neck) {Gourm Dex+5}
   (You found it on level 1 of the Crypt)

   [amulet of the gourmand]

   It allows you to eat raw meat even when not hungry.
   It affects your dexterity (+5).
   It has a curse placed upon it.
 G - the cursed ring of Ashenzari's Anger (left hand) {+Fly rPois rN++ Slay+6}
   (You found it on level 5 of the Lair of Beasts)

   [ring of poison resistance]

   It affects your accuracy and damage with ranged weapons and melee attacks
   (+6).
   It protects you from poison.
   It greatly protects you from negative energy.
   It lets you fly.
   It has a curse placed upon it.
 K - the ring of the Castellan {Wiz rF+ Dex+2}
   (You took it off a deep elf annihilator on level 3 of the Elven Halls)

   [ring of wizardry]

   It improves your spell success rate.
   It affects your dexterity (+2).
   It protects you from fire.
 W - the cursed ring "Saast" (right hand) {Fire Str-3 Int-4 Dex+8 Slay+5}
   (You bought it in a shop on level 4 of the Shoals)

   [ring of fire]

   It enhances your fire magic, and weakens your ice magic.
   It affects your strength (-3).
   It affects your intelligence (-4).
   It affects your dexterity (+8).
   It affects your accuracy and damage with ranged weapons and melee attacks
   (+5).
   It protects you from fire.
   It makes you vulnerable to cold.
   It has a curse placed upon it.
Wands
 o - a wand of digging (3/24)
 D - a wand of fireball (0/15)
 L - a wand of disintegration (13/24)
 S - a wand of digging (19/24)
Scrolls
 e - a scroll of holy word
 g - 4 scrolls of fear
 j - 8 scrolls of enchant weapon
 q - 7 scrolls of remove curse
 t - a scroll of silence
 x - a scroll of curse weapon
 A - 2 scrolls of curse armour
 F - 10 scrolls of recharging
 H - 15 scrolls of identify
 M - 9 scrolls of magic mapping
 N - a scroll of amnesia
Potions
 b - 6 potions of brilliance
 h - a potion of curing
 k - 3 potions of berserk rage
 I - 3 potions of cancellation
 U - a potion of cure mutation
Books
 p - a book of Annihilations

   Spells                             Type                      Level
   a - Poison Arrow                   Conjuration/Poison           6
   b - Chain Lightning                Conjuration/Air              8
   c - Lehudib's Crystal Spear        Conjuration/Earth            8
   d - Glaciate                       Conjuration/Ice              9
   e - Fire Storm                     Conjuration/Fire             9
Miscellaneous
 P - a phial of floods (inert)
 Y - a fan of gales (inert)
Comestibles
 a - 7 royal jellies
 f - 20 bread rations
 l - 17 meat rations
 Q - 17 fruits


   Skills:
 + Level 20.5 Fighting
 O Level 27 Maces & Flails
 + Level 13.9 Armour
 + Level 12.1 Dodging
 - Level 0.5 Stealth
 + Level 17.5 Shields
   Level 12.3 Invocations
 + Level 1.5 Evocations


You had 11 spell levels left.
You knew the following spells:

 Your Spells              Type           Power        Failure   Level  Hunger
a - Bolt of Magma         Conj/Fire/Erth #.........   100%        5    ######.
b - Freezing Cloud        Conj/Ice/Air   #.........   100%        6    #######
c - Flame Tongue          Conj/Fire      #....        96%         1    ##.....
d - Freeze                Ice            #...         96%         1    ##.....


Dungeon Overview and Level Annotations

Branches:
Dungeon (15/15)            Temple (1/1) D:6            Lair (8/8) D:9
 Shoals (4/4) Lair:5       Spider (4/4) Lair:3        Slime (2/6) Lair:7
    Orc (2/2) D:12            Elf (3/3) Orc:2        Vaults (5/5) D:13
  Crypt (3/3) Vaults:3       Tomb (0/3) Crypt:3      Depths (2/5) D:15

Altars:
Ashenzari
Cheibriados
Dithmenos
Elyvilon
Fedhas
Gozag
Kikubaaqudgha
Makhleb
Nemelex Xobeh
Okawaru
Pakellas
Qazlal
Ru
Sif Muna
Trog
Vehumet
Xom
Yredelemnul
Zin
The Shining One
Beogh

Shops:
D:4 *   D:6 !   D:9 [   D:13 [   Orc:2 =%*:   Shoals:4 =

Portals:
Hell: Depths:1


Innate Abilities, Weirdness & Mutations

You are resistant to torment.
Your stone body is resilient (AC +19).
You are immune to poison.
Your large and strong wings let you fly indefinitely.
You resist negative energy.
You are resistant to electric shocks.
You can survive without breathing.
You are immune to petrification.
You are immune to rotting.
You are partially covered in thin metallic scales (AC +2).
Your flesh is heat resistant.
Your movements are slightly less encumbered by armour (ER -2).


Message History

The deep elf archer wields a runed shortbow.
It bursts into flame!
The deep elf archer shoots an arrow.
You block the arrow.
The arrow disappears in a puff of smoke!
Things that are here:
a +0 great sword of electrocution; a +3 ring mail of magic resistance the tengu corpse of Sojobo You reach down and close the door.
A deep elf annihilator comes into view. It is wielding a rapier of speed.
Something unseen opens the door.
The deep elf annihilator points at you and mumbles some strange words.
The poison arrow hits you! You partially resist.
* * * LOW HITPOINT WARNING * * *
The deep elf annihilator points at you and mumbles some strange words.
You block the iron shot.
The deep elf annihilator points at you and mumbles some strange words.
The bolt of lightning misses you.
The bolt of lightning hits the titan.
The titan completely resists.
The deep elf annihilator points at you and mumbles some strange words.
The crystal spear hits you!
You die...

.. .... ....#############
..............'
#...........###
#..........##%##
#......e@.##[..##
#.......###.....###...
#.....))#.........#'..
#.....#'...........'#
#..3###.............###
#.C##....(............##
#e##?..C..............[##
#'#[...........(........#
#)##).......(........(}##


You could see a titan, a frost giant, a deep elf annihilator, a deep elf
sorcerer and a soul eater.

Vanquished Creatures
  Mennas (Vaults:5)
  An ancient lich (Crypt:1)
  Sojobo (Vaults:5)
  Margery (Depths:1)
  Saint Roka (Vaults:1)
  A golden dragon (Vaults:5)
  Xtahua (Vaults:5)
  A bone dragon (Vaults:3)
  2 liches
  Rupert (D:15)
  2 tentacled monstrosities (Vaults:5)
  2 deep elf blademasters (Elf:3)
  5 titans
  7 deep elf master archers
  3 acid blobs
  A kraken (Shoals:3)
  3 sphinxes
  Gastronok (Lair:3)
  Polyphemus (Shoals:4)
  3 ancient champions
  4 shadow dragons (Vaults:5)
  3 tengu reavers (Vaults:5)
  Ilsuiw (Shoals:4)
  A revenant (Crypt:3)
  5 fire giants
  10 frost giants
  2 orc warlords
  Aizul (Vaults:1)
  5 ghost moths
  7 deep elf sorcerers
  12 vault wardens
  6 emperor scorpions
  2 curse skulls (Crypt:1)
  A war gargoyle (Vaults:5)
  6 deep elf elementalists
  5 ghouls
  17 vampire knights
  11 ironheart preservers
  3 very ugly things
  12 stone giants
  A reaper (Crypt:2)
  A salamander stormcaller (Vaults:4)
  A green draconian (Elf:3)
  9 deep elf demonologists
  8 deep elf annihilators
  A red draconian (Elf:2)
  2 spark wasps (Spider:4)
  2 merfolk javelineers
  A quicksilver dragon zombie (Depths:1)
  A minotaur (Lab)
  4 ettins
  8 merfolk impalers
  A crystal guardian (Vaults:5)
  3 deep elf high priests (Elf:3)
  3 fire dragons
  8 deep elf death magi
  Josephine (Lair:5)
  4 eidola
  18 jiangshi
  22 vault guards
  3 entropy weavers
  2 ice dragons
  2 great orbs of eyes
  10 yaktaur captains
  A minotaur (shapeshifter) (Elf:3)
  6 hydras
  4 catoblepae
  5 merfolk avatars
  A catoblepas (shapeshifter) (Vaults:2)
  2 alligator snapping turtles
  6 merfolk aquamancers
  11 centaur warriors
  14 ogre magi
  5 tengu warriors
  4 death knights
  7 deep troll shamans
  3 satyrs
  22 dancing weapons
  21 death yaks
  7 orc high priests
  A titan zombie (Crypt:1)
  3 deep troll earth magi
  6 vampire magi
  7 hell knights (Depths:1)
  3 storm dragon zombies
  35 deep elf knights
  3 soul eaters
  A fire crab (Vaults:1)
  37 skeletal warriors
  An iron troll (D:15)
  A fire crab (shapeshifter) (Depths:1)
  A storm dragon skeleton (Crypt:3)
  7 large abominations
  3 shadow wraiths
  14 sea snakes
  3 giant orange brains
  The ghost of Darkell the Covert, a novice VSEn of Makhleb (D:7)
  A ghost moth zombie (Crypt:3)
  7 necromancers
  22 deep trolls
  2 unseen horrors (D:11)
  3 flayed ghosts
  A shadow dragon zombie (Crypt:3)
  A wizard (Depths:1)
  14 harpies
  18 deep elf archers
  A kraken simulacrum (Shoals:4)
  24 phantasmal warriors
  Pikel (D:7)
  11 ironbrand convokers
  9 orc sorcerers
  7 hill giants
  44 ugly things
  3 wolf spider zombies
  52 deep elf magi
  22 wolf spiders
  14 orb spiders
  A wolf spider (shapeshifter) (Vaults:5)
  22 orc knights
  2 frost giant zombies (Crypt:3)
  An orb spider (shapeshifter) (D:15)
  4 salamanders (Vaults:4)
  An oklob plant (Lair:8)
  A moth of wrath (Spider:4)
  2 stone giant zombies
  A mana viper (shapeshifter) (Vaults:2)
  7 water nymphs
  17 griffons
  An iron dragon zombie (Crypt:3)
  2 salamanders (shapeshifter)
  6 hornets
  A cyclops (shapeshifter) (Depths:1)
  A fire giant zombie (Depths:1)
  13 cyclopes
  12 sirens
  8 fauns
  An eye of devastation (Slime:1)
  2 centaur zombies
  A frost giant skeleton (Vaults:1)
  2 hornets (shapeshifter)
  17 elephants
  A human skeleton (Vaults:1)
  A black mamba (shapeshifter) (Vaults:1)
  16 vault sentinels
  A moth of wrath (shapeshifter) (Elf:2)
  A torpor snail (Spider:1)
  5 black mambas
  4 gargoyles
  25 yaktaurs
  7 manticores
  6 komodo dragons
  A mottled draconian zombie (Crypt:3)
  2 spriggan zombies
  A grey draconian zombie (Crypt:3)
  A red draconian zombie (Crypt:3)
  17 spiny frogs
  4 tengu conjurers
  An emperor scorpion zombie (Crypt:3)
  11 demonic crawlers
  3 fire drakes
  A green draconian skeleton (Crypt:3)
  5 kobold demonologists
  6 freezing wraiths
  A mottled draconian skeleton (Crypt:2)
  2 jumping spiders (shapeshifter)
  A queen bee (Lair:1)
  A harpy zombie (Crypt:1)
  38 merfolk
  A red devil (Depths:1)
  10 trolls
  3 guardian mummies (Crypt:3)
  A minotaur zombie (Crypt:2)
  20 polar bears
  A troll (shapeshifter) (Vaults:1)
  29 jumping spiders
  A polar bear (shapeshifter) (D:15)
  36 blink frogs
  24 two-headed ogres
  A bog body (Crypt:3)
  5 wind drakes
  4 boulder beetles
  An ice dragon zombie (Crypt:3)
  2 ettin zombies (Crypt:3)
  10 snapping turtles
  5 air elementals
  17 flying skulls
  38 slime creatures
  16 water elementals
  22 trapdoor spiders
  A human (D:13)
  24 wraiths
  A yak (shapeshifter) (Depths:1)
  A spriggan (shapeshifter) (D:13)
  22 tarantellas
  A vampire (D:13)
  40 redbacks
  A fire giant simulacrum (Vaults:1)
  43 yaks
  A golden eye (shapeshifter) (D:15)
  A wyvern (Lair:4)
  Grum (Lair:1)
  3 shadows
  2 black mamba skeletons
  10 vampire mosquitoes
  2 basilisks
  3 hungry ghosts
  2 fire elementals
  A mottled dragon (Vaults:1)
  17 hippogriffs
  9 porcupines
  28 wolves
  A merfolk zombie (Crypt:3)
  16 wargs
  13 swamp worms (Spider:1)
  18 water moccasins
  Duvessa (D:7)
  An entropy weaver simulacrum (Depths:1)
  A merfolk skeleton (Crypt:3)
  A black bear (shapeshifter) (Vaults:2)
  2 black bears
  8 small abominations
  6 ice beasts
  The ghost of Darkell the Slasher, an amateur NaBe of Trog (D:4)
  An eye of draining (shapeshifter) (D:15)
  An anubis guard zombie (Crypt:1)
  A swamp dragon zombie (Crypt:1)
  68 orc warriors
  2 sky beasts
  A wasp (D:7)
  65 ogres
  19 centaurs
  6 phantoms
  2 necrophages
  A manticore skeleton (Crypt:1)
  24 crocodiles
  2 human zombies
  A yaktaur zombie (Crypt:3)
  22 giant frogs
  A wyvern zombie (D:13)
  4 big kobolds
  Dowan (D:7)
  7 earth elementals
  A yaktaur skeleton (Crypt:1)
  2 wyvern skeletons
  36 killer bees
  2 water moccasin skeletons
  2 scorpions
  11 lava snakes (Volcano)
  A troll skeleton (Crypt:3)
  19 wights
  A snapping turtle simulacrum (Crypt:1)
  A raiju skeleton (Crypt:2)
  A quasit (D:8)
  6 crimson imps
  An electric eel (Lair:2)
  A gnoll shaman (D:4)
  2 human simulacra (Vaults:1)
  7 jellies
  3 giant frog zombies
  48 orc priests
  5 centaur skeletons
  5 hounds
  An iguana (D:7)
  An iron imp (D:7)
  30 orc wizards
  3 giant frog skeletons
  A basilisk skeleton (Crypt:3)
  Natasha (thrice) (D:4)
  15 worker ants
  29 sheep
  A dwarf zombie (Crypt:2)
  A tengu zombie (Crypt:2)
  A deep dwarf zombie (Crypt:2)
  A hound zombie (D:10)
  6 hound skeletons
  An ogre skeleton (Crypt:1)
  A worker ant zombie (D:8)
  3 mummies (Crypt:3)
  13 gnolls
  16 adders
  39 river rats
  2 shadow imps
  12 white imps
  2 oozes (Lair:7)
  2 adder skeletons
  10 worms
  A sheep skeleton (Crypt:2)
  5 giant geckos
  174 orcs
  8 hobgoblins
  12 kobolds
  2 quokkas (D:2)
  5 ball pythons
  10 bats
  10 giant cockroaches
  A giant cockroach zombie (Crypt:3)
  8 giant newts
  4 goblins
  7 jackals
  A quokka skeleton (D:6)
  6 rats
  A river rat zombie (Crypt:2)
  4 crawling corpses (Elf:3)
  3 fire vortices (Vaults:4)
  A fungus (D:9)
  A lost soul (Crypt:2)
  A plant (Spider:1)
  A tentacle (Shoals:3)
  A withered plant (Crypt:1)
2436 creatures vanquished.

Vanquished Creatures (collateral kills)
  A rakshasa (Depths:1)
1 creature vanquished.

Vanquished Creatures (others)
  A tengu reaver (Vaults:5)
  A deep elf demonologist (Elf:3)
  A merfolk avatar (Shoals:3)
  A shadow wraith (Vaults:4)
  A deep elf mage (Elf:2)
  A black mamba (Lair:7)
  A two-headed ogre (Vaults:5)
  A polar bear (IceCv)
  A slime creature (Vaults:2)
  5 wolves (IceCv)
  An orc warrior (Elf:2)
  A crocodile (Lair:7)
  4 orcs
  2 crawling corpses
  11 fungi
  7 lost souls
  9 plants
  6 tentacles
  116 tentacle segments
  36 withered plants (Crypt:1)
207 creatures vanquished.

Grand Total: 2644 creatures vanquished

Notes
Turn   | Place    | Note
--------------------------------------------------------------
     0 | D:1      | crawl the Gargoyle Fighter began the quest for the Orb.
     0 | D:1      | Reached XP level 1. HP: 14/14 MP: 1/1
   242 | D:1      | Reached XP level 2. HP: 19/19 MP: 2/2
   613 | D:1      | Reached XP level 3. HP: 21/23 MP: 3/3
   816 | D:2      | Found a deep blue altar of Sif Muna.
   822 | D:2      | Reached skill level 4 in Shields
  1084 | D:2      | Reached skill level 1 in Dodging
  1084 | D:2      | Reached XP level 4. HP: 29/29 MP: 4/4
  1168 | D:2      | Found an ancient bone altar of Kikubaaqudgha.
  1698 | D:3      | Reached XP level 5. HP: 15/33 MP: 5/5
  1977 | D:3      | Found a stormy altar of Qazlal.
  2214 | D:3      | Reached XP level 6. HP: 38/38 MP: 6/6
  2258 | D:4      | Reached skill level 5 in Shields
  2334 | D:4      | Noticed Natasha
  2334 | D:4      | Noticed Darkell's ghost (amateur NaBe)
  2360 | D:4      | Killed Darkell's ghost
  2366 | D:4      | Killed Natasha
  2366 | D:4      | Reached XP level 7. HP: 38/44 MP: 7/7
  2758 | D:4      | Found Jibewn's Assorted Antiques.
  2765 | D:4      | Bought a bronze leather armour for 140 gold pieces
  2775 | D:4      | Identified the cursed +0 leather armour of Misanthropy {rF+ MR+ Slay+2} (You bought it in a shop on level 4 of the Dungeon)
  2803 | D:4      | Noticed Natasha
  2810 | D:4      | Killed Natasha
  3158 | D:4      | Noticed Natasha
  3162 | D:4      | Killed Natasha
  3201 | D:5      | Entered Level 5 of the Dungeon
  3376 | D:5      | Reached skill level 6 in Shields
  3376 | D:5      | Reached XP level 8. HP: 45/48 MP: 8/8
  3640 | D:5      | Found a sacrificial altar of Ru.
  4122 | D:6      | Found Hoischok's Distillery.
  4137 | D:6      | Reached skill level 5 in Maces & Flails
  4145 | D:6      | Bought a potion of curing for 39 gold pieces
  4327 | D:6      | Found a staircase to the Ecumenical Temple.
  4351 | Temple   | Entered the Ecumenical Temple
  4398 | Temple   | Became a worshipper of Warmaster Okawaru
  4644 | D:6      | Noticed a hill giant
  4663 | D:6      | Killed a hill giant
  4663 | D:6      | Reached * piety under Okawaru
  4663 | D:6      | Reached skill level 5 in Fighting
  4663 | D:6      | Reached skill level 7 in Shields
  4663 | D:6      | Reached XP level 9. HP: 39/54 MP: 9/9
  4671 | D:6      | Reached skill level 5 in Dodging
  4881 | D:6      | Reached skill level 5 in Armour
  4999 | D:7      | Noticed Darkell's ghost (novice VSEn)
  5023 | D:7      | Killed Darkell's ghost
  5023 | D:7      | Reached ** piety under Okawaru
  5023 | D:7      | Reached skill level 1 in Invocations
  5035 | D:7      | Noticed Dowan
  5036 | D:7      | Noticed Duvessa
  5060 | D:6      | Gained mutation: Your mind is acute. (Int +2) [potion of mutation]
  5060 | D:6      | Gained mutation: You are weak. (Str -2) [potion of mutation]
  5060 | D:6      | Gained mutation: Your movements are slightly less encumbered by armour (ER -2). [potion of mutation]
  5077 | D:7      | Killed Duvessa
  5097 | D:7      | Killed Dowan
  5124 | D:7      | Found a snail-covered altar of Cheibriados.
  5235 | D:7      | Noticed Pikel
  5263 | D:7      | Killed Pikel
  5263 | D:7      | Reached *** piety under Okawaru
  5263 | D:7      | Reached skill level 8 in Shields
  5263 | D:7      | Reached XP level 10. HP: 57/60 MP: 10/12
  6283 | D:8      | Found a burning altar of Makhleb.
  6461 | D:8      | Received a gift from Okawaru
  6495 | D:8      | Found a shattered altar of Ashenzari.
  7107 | D:8      | Found a bloodstained altar of Trog.
  7301 | D:9      | Reached skill level 9 in Shields
  7441 | D:9      | Reached **** piety under Okawaru
  7601 | D:9      | Found a glowing golden altar of the Shining One.
  7704 | D:9      | Found a staircase to the Lair.
  7814 | D:9      | Found Caesed's Armour Emporium.
  8049 | D:10     | Entered Level 10 of the Dungeon
  8235 | D:10     | Reached XP level 11. HP: 66/66 MP: 14/14
  8270 | D:10     | Received a gift from Okawaru
  8943 | D:11     | Noticed a hill giant
  8961 | D:11     | Killed a hill giant
  8961 | D:11     | Reached ***** piety under Okawaru
  8961 | D:11     | Reached skill level 5 in Invocations
  9010 | D:11     | Gained mutation: You are frail (-10% HP). [mutagenic meat]
  9011 | D:11     | Gained mutation: Your flesh is heat resistant. [mutagenic meat]
  9074 | D:11     | Killed an unseen horror
  9074 | D:11     | Reached skill level 10 in Maces & Flails
  9234 | D:11     | Noticed a hill giant
  9252 | D:11     | Received a gift from Okawaru
  9259 | D:11     | Killed a hill giant
  9273 | D:11     | Identified a +2 pair of boots of running (Okawaru gifted it to you on level 11 of the Dungeon)
  9388 | D:11     | Killed an unseen horror
  9786 | D:11     | Reached XP level 12. HP: 64/64 MP: 16/16
  9959 | D:12     | Gained mutation: You are partially covered in thin metallic scales (AC +2). [mutagenic meat]
 10045 | D:12     | Reached skill level 10 in Shields
 10103 | D:12     | Found a roughly hewn altar of Beogh.
 10103 | D:12     | Found a staircase to the Orcish Mines.
 10146 | D:12     | Reached skill level 11 in Maces & Flails
 10700 | D:12     | Identified a scroll of acquirement
 11325 | Orc:1    | Entered Level 1 of the Orcish Mines
 11483 | D:12     | Received a gift from Okawaru
 11975 | Orc:1    | Found a burning altar of Makhleb.
 12170 | D:4      | Bought a polished plate armour for 560 gold pieces
 12180 | D:4      | Identified the cursed +1 plate armour of the Last Cities {rF+ Int-5 Dex+4} (You bought it in a shop on level 4 of the Dungeon)
 12715 | Orc:2    | Entered Level 2 of the Orcish Mines
 12824 | Orc:2    | Reached skill level 12 in Maces & Flails
 13147 | Orc:2    | Found a roughly hewn altar of Beogh.
 13190 | Orc:2    | Received a gift from Okawaru
 13190 | Orc:2    | Reached XP level 13. HP: 70/70 MP: 18/18
 13232 | Orc:2    | Got a pair of crude gloves {god gift}
 13243 | Orc:2    | Identified the +2 pair of gloves of Crawling {+Blink rN+ MR+} (Okawaru gifted it to you on level 2 of the Orcish Mines)
 13271 | Orc:2    | Found Irepsiym's Jewellery Emporium.
 13308 | Orc:2    | Found Axtoanus's Food Shoppe.
 13901 | Orc:2    | Found a staircase to the Elven Halls.
 14409 | Orc:2    | Reached skill level 13 in Maces & Flails
 14419 | Orc:2    | Reached ****** piety under Okawaru
 14465 | Orc:2    | Noticed an orc warlord
 14488 | Orc:2    | Killed an orc warlord
 14592 | Orc:2    | Found a roughly hewn altar of Beogh.
 14713 | Orc:2    | Found Voameno's General Store.
 14832 | Orc:2    | Received a gift from Okawaru
 14851 | Orc:2    | Got a pair of steaming gloves {god gift}
 14862 | Orc:2    | Identified the +1 pair of gloves of Kiutsyod {SInv} (Okawaru gifted it to you on level 2 of the Orcish Mines)
 15184 | Orc:2    | Found Foefasti's Book Shoppe.
 15421 | Orc:2    | Bought a potion of cure mutation for 420 gold pieces
 15421 | Orc:2    | Lost mutation: Your mind is acute. (Int +2) [potion of cure mutation]
 15421 | Orc:2    | Lost mutation: You are frail (-10% HP). [potion of cure mutation]
 15421 | Orc:2    | Lost mutation: You are weak. (Str -2) [potion of cure mutation]
 15546 | Lair:1   | Entered Level 1 of the Lair of Beasts
 15636 | Lair:1   | Noticed Grum
 15665 | Lair:1   | Killed Grum
 16157 | Lair:1   | Reached skill level 14 in Maces & Flails
 16484 | Lair:2   | Found a frozen archway.
 16498 | IceCv    | Entered an ice cave
 16530 | IceCv    | Gained mutation: Your large and strong wings let you fly indefinitely. [Gargoyle growth]
 16530 | IceCv    | Reached XP level 14. HP: 86/86 MP: 20/20
 16927 | IceCv    | Noticed a frost giant
 16935 | IceCv    | Reached skill level 10 in Fighting
 16964 | IceCv    | Killed a frost giant
 16964 | IceCv    | Received a gift from Okawaru
 17316 | Lair:2   | Reached skill level 15 in Maces & Flails
 17859 | Lair:3   | Found a stormy altar of Qazlal.
 17916 | Lair:3   | Found a dark tunnel.
 17923 | Volcano  | Entered a volcano
 18217 | Volcano  | Found a bloodstained altar of Trog.
 18439 | Lair:3   | Got a faintly humming leather armour
 18450 | Lair:3   | Identified the cursed +1 leather armour "Iqimojuv" {Slay+4} (You found it on level 3 of the Lair of Beasts)
 18582 | Lair:3   | Noticed Gastronok
 18601 | Lair:3   | Killed Gastronok
 18686 | Lair:3   | Found a hole to the Spider Nest.
 19049 | Lair:3   | Received a gift from Okawaru
 19329 | Lair:4   | Found a labyrinth entrance.
 19344 | Lab      | Entered a labyrinth
 19842 | Lab      | Got a blackened long sword
 19845 | Lair:4   | Identified the +9 long sword of Yredelemnul's Anger {slice, rC- rN+ Dex+4} (You found it in a labyrinth)
 20035 | Lair:4   | Got an iridescent quarterstaff
 20036 | Lair:4   | Identified the +1 quarterstaff of Ashenzari's Hope {crush, rC- Str+9 Dex-5 Stlth+} (You found it on level 4 of the Lair of Beasts)
 20272 | Lair:4   | Reached skill level 10 in Invocations
 20297 | Lair:4   | Reached XP level 15. HP: 81/93 MP: 22/22
 20383 | Lair:4   | Reached skill level 16 in Maces & Flails
 20962 | Lair:5   | Got a steaming granite ring
 20964 | Lair:5   | Identified the ring of Ashenzari's Anger {+Fly rPois rN++ Slay+6} (You found it on level 5 of the Lair of Beasts)
 20978 | Lair:5   | Noticed Josephine
 20995 | Lair:5   | Killed Josephine
 21073 | Lair:5   | Found a staircase to the Shoals.
 22197 | Lair:6   | Received a gift from Okawaru
 22702 | Lair:6   | Identified a cursed +0 rod of shadows (11/11) (You took it off a minotaur in a labyrinth)
 23264 | Lair:7   | Found a staircase to the Slime Pits.
 23567 | Lair:7   | Reached skill level 17 in Maces & Flails
 23700 | Lair:8   | Entered Level 8 of the Lair of Beasts
 23862 | Lair:8   | Found a glowing golden altar of the Shining One.
 24344 | Lair:8   | Reached XP level 16. HP: 84/101 MP: 19/24
 24391 | Lair:8   | Received a gift from Okawaru
 24477 | Lair:8   | Received a gift from Okawaru
 24515 | Lair:8   | Got a slimy eveningstar {god gift}
 24516 | Lair:8   | Identified the +3 eveningstar "Xabin" {crush, rC+} (Okawaru gifted it to you on level 8 of the Lair of Beasts)
 24572 | Lair:8   | Identified the Incunabulum of Ice
 24876 | Lair:8   | Identified a +3 rod of ignition (12/12) (You found it on level 8 of the Lair of Beasts)
 25098 | Spider:1 | Entered Level 1 of the Spider Nest
 25149 | Spider:1 | Reached skill level 18 in Maces & Flails
 25699 | Spider:1 | Received a gift from Okawaru
 26318 | Spider:1 | Got a pitted triple crossbow {god gift}
 26319 | Spider:1 | Identified the +5 triple crossbow of Departure {penet, rN+} (Okawaru gifted it to you on level 1 of the Spider Nest)
 27419 | Spider:2 | Received a gift from Okawaru
 27430 | Spider:2 | Got a spiked large shield {god gift}
 27441 | Spider:2 | Identified the -5 large shield "Fyme" {Str-3 Int+7} (Okawaru gifted it to you on level 2 of the Spider Nest)
 27481 | Spider:2 | Learned a level 5 spell: Bolt of Magma
 28459 | Spider:4 | Entered Level 4 of the Spider Nest
 28558 | Spider:4 | Reached skill level 19 in Maces & Flails
 28558 | Spider:4 | Reached XP level 17. HP: 97/108 MP: 22/25
 28760 | Spider:4 | Got a smoking robe
 28771 | Spider:4 | Identified the +0 robe of Evolution {rElec} (You found it on level 4 of the Spider Nest)
 28833 | Spider:4 | Received a gift from Okawaru
 28844 | Spider:4 | Reached skill level 10 in Armour
 29020 | Spider:4 | Got a scorched leather armour
 29031 | Spider:4 | Identified the +0 leather armour of the Dropbear {rF+ Int+2} (You found it on level 4 of the Spider Nest)
 30190 | Spider:4 | Got a gossamer rune of Zot
 30820 | D:13     | Found Vaghyoz's Armour Boutique.
 31043 | D:13     | Received a gift from Okawaru
 31055 | D:13     | Reached skill level 20 in Maces & Flails
 31099 | D:13     | Found a gate to the Vaults.
 32060 | D:15     | Entered Level 15 of the Dungeon
 32095 | D:15     | Noticed Rupert
 32104 | D:15     | Killed Rupert
 32269 | D:15     | Reached XP level 18. HP: 106/115 MP: 24/27
 32628 | D:15     | Found a staircase to the Depths.
 33018 | Depths:1 | Entered Level 1 of the Depths
 33148 | Depths:1 | Noticed Margery
 33179 | Depths:1 | Killed Margery
 33179 | Depths:1 | Received a gift from Okawaru
 33264 | Depths:1 | Found a gateway to Hell.
 33334 | D:15     | Reached skill level 21 in Maces & Flails
 34014 | Depths:1 | Received a gift from Okawaru
 34607 | Depths:1 | Reached XP level 19. HP: 122/122 MP: 28/28
 34727 | Depths:1 | Learned a level 6 spell: Freezing Cloud
 34947 | Depths:2 | Reached skill level 22 in Maces & Flails
 35471 | Shoals:1 | Entered Level 1 of the Shoals
 35711 | Shoals:1 | Received a gift from Okawaru
 35821 | Shoals:1 | Got a smoking zirconium amulet
 35823 | Shoals:1 | Identified the amulet of Ojumiqiy {+Rage rElec Int+4} (You acquired it on level 1 of the Shoals)
 37604 | Shoals:3 | Reached skill level 15 in Fighting
 38324 | Shoals:4 | Entered Level 4 of the Shoals
 38354 | Shoals:4 | Received a gift from Okawaru
 38524 | Shoals:4 | Noticed Polyphemus
 38558 | Shoals:4 | Killed Polyphemus
 38797 | Shoals:4 | Reached skill level 23 in Maces & Flails
 38966 | Shoals:3 | Received a gift from Okawaru
 38969 | Shoals:3 | Got an ancient dire flail {god gift}
 39092 | Shoals:3 | Identified the +2 dire flail of Crystal {crush, Str+4} (Okawaru gifted it to you on level 3 of the Shoals)
 39370 | Shoals:4 | Reached XP level 20. HP: 129/129 MP: 29/29
 39482 | Shoals:4 | Found Qifeagg's Jewellery Shop.
 39519 | Shoals:4 | Noticed Ilsuiw
 39572 | Shoals:4 | Killed Ilsuiw
 39785 | Shoals:4 | Bought the ring "Saast" {Fire Str-3 Int-4 Dex+8 Slay+5} for 881 gold pieces
 39886 | Shoals:4 | Got a barnacled rune of Zot
 40283 | Shoals:4 | Received a gift from Okawaru
 41131 | Orc:2    | Bought a cursed amulet of resist corrosion for 187 gold pieces
 41204 | Elf:1    | Entered Level 1 of the Elven Halls
 41288 | Elf:1    | Learned a level 1 spell: Flame Tongue
 41295 | Elf:1    | Learned a level 6 spell: Bolt of Fire
 42231 | Elf:1    | Identified the Incunabulum of Conjuration and Slavery
 42296 | Elf:3    | Entered Level 3 of the Elven Halls
 42634 | Elf:2    | Reached skill level 24 in Maces & Flails
 43118 | Elf:2    | Found a runed gate.
 43118 | Elf:2    | Found a runed gate.
 43123 | Elf:2    | Found a runed gate.
 43583 | Elf:2    | Reached skill level 10 in Dodging
 43903 | Elf:2    | Reached XP level 21. HP: 117/136 MP: 25/30
 44371 | Shoals:4 | Got a heavily runed cloak {god gift}
 44382 | Shoals:4 | Identified the +0 cloak of Ladders and Snakes {rN+ rCorr Stlth+} (Okawaru gifted it to you on level 4 of the Shoals)
 44484 | Slime:1  | Entered Level 1 of the Pits of Slime
 45141 | Slime:1  | Received a gift from Okawaru
 45497 | Vaults:1 | Entered Level 1 of the Vaults
 45685 | Vaults:1 | Noticed Aizul
 45693 | Vaults:1 | Killed Aizul
 46047 | Vaults:1 | Noticed Saint Roka
 46069 | Vaults:1 | Killed Saint Roka
 47065 | Vaults:1 | Received a gift from Okawaru
 47090 | Vaults:1 | Reached skill level 25 in Maces & Flails
 47499 | Vaults:2 | Found a shimmering altar of Xom.
 48318 | Vaults:2 | Reached XP level 22. HP: 134/144 MP: 29/31
 48851 | Vaults:3 | Found a staircase to the Crypt.
 48878 | Crypt:1  | Entered Level 1 of the Crypt
 50193 | Crypt:1  | Learned a level 5 spell: Bolt of Magma
 50349 | Crypt:1  | Received a gift from Okawaru
 50368 | Crypt:1  | Noticed an ancient lich
 50374 | Crypt:1  | Killed an ancient lich
 50381 | Crypt:1  | Identified the Catalogue of Glacial Protection
 50384 | Crypt:1  | Got a clouded jade amulet
 50387 | Crypt:1  | Identified the amulet of Xom's Fair Game {Gourm Dex+5} (You found it on level 1 of the Crypt)
 50394 | Crypt:1  | Identified the Tome of Slavery
 51030 | Crypt:2  | Reached skill level 26 in Maces & Flails
 51139 | Crypt:2  | Received a gift from Okawaru
 51645 | Crypt:3  | Entered Level 3 of the Crypt
 51741 | Crypt:3  | Found a staircase to the Tomb.
 52248 | Crypt:3  | Reached XP level 23. HP: 72/150 MP: 17/32
 52624 | Crypt:3  | Received a gift from Okawaru
 52676 | Crypt:3  | Found an ancient bone altar of Kikubaaqudgha.
 53204 | Crypt:3  | Received a gift from Okawaru
 53212 | Crypt:3  | Got a faintly humming buckler {god gift}
 53803 | Vaults:1 | Identified the -2 buckler of Catatonia {rElec Regen+ rCorr Dex-4} (Okawaru gifted it to you on level 3 of the Crypt)
 54016 | Vaults:3 | Reached skill level 27 in Maces & Flails
 55143 | Vaults:4 | Learned a level 1 spell: Freeze
 55514 | Vaults:4 | Received a gift from Okawaru
 55914 | Vaults:4 | Reached XP level 24. HP: 159/159 MP: 32/32
 56885 | D:8      | Fell from the grace of Okawaru
 56885 | D:8      | Became a worshipper of Ashenzari the Shackled
 58031 | Elf:3    | Reached skill level 15 in Shields
 58545 | Elf:3    | Identified the ring of the Castellan {Wiz rF+ Dex+2} (You took it off a deep elf annihilator on level 3 of the Elven Halls)
 59021 | Elf:3    | Identified the +6 quarterstaff "Leficyl" {flame, *Rage Str+3 SInv} (You took it off a deep elf mage on level 3 of the Elven Halls)
 59170 | Elf:3    | Identified a +1 pair of boots of running
 59175 | Elf:3    | Identified the +7 falchion of the Grave {pain, -Tele rElec rPois rC+++}
 59205 | Elf:3    | Got the uncursed chain mail of Weirih {Dex+4}
 59206 | Elf:3    | Identified the +0 chain mail of Weirih {Dex+4} (You found it on level 3 of the Elven Halls)
 60475 | Elf:3    | Reached skill level 1 in Evocations
 60505 | Elf:3    | Identified the +9 hunting sling of Eternal Vigilance {velocity, Int+5} (You took it off a merfolk on level 4 of the Shoals)
 60505 | Elf:3    | Identified the +2 falchion of Cruel Justice {elec, rC+ MR- Str+2}
 60554 | Elf:3    | Got the uncursed chain mail of the Journeyman {*Confuse +Inv Regen+ Dex+6}
 60565 | Elf:3    | Identified the +8 chain mail of the Journeyman {*Confuse +Inv Regen+ Dex+6} (You took it off a deep elf blademaster on level 3 of the Elven Halls)
 60956 | Vaults:4 | Identified the +2 falchion of Cruel Justice {elec, rC+ MR- Str+2}
 61003 | Vaults:5 | Entered Level 5 of the Vaults
 61048 | Vaults:5 | Noticed Xtahua
 61049 | Vaults:5 | Identified the cursed +0 chain mail "Forygrub" {rElec}
 61055 | Vaults:5 | Noticed Mennas
 61059 | Vaults:5 | Killed Xtahua
 61071 | Vaults:5 | Killed Mennas
 61096 | Vaults:5 | Reached XP level 25. HP: 67/168 MP: 11/32
 61282 | Vaults:5 | HP: 6/168 [titan (25)]
 61307 | Vaults:5 | Noticed Sojobo
 61431 | Vaults:5 | Killed Sojobo
 61445 | Vaults:5 | HP: 5/169 [titan/the air (7)]
 61542 | Vaults:5 | Killed from afar by a deep elf annihilator

Vault maps used:
D:1:      ncdulo_wetmaze
D:2:      kiku_gazebo_pond_becter, lemuel_crystal_altar
D:3:      nicolae_qazlal_eye_of_the_storm, first_bread
D:4:      serial_shops, nicolae_shop_crystal, minmay_misc_feat_ornament,
          uniq_natasha
D:5:      nicolae_ru_awakened_eye
D:6:      minmay_temple_entry_glassed_door, serial_shops, nicolae_shop_stone
D:7:      slow_altar_2, uniq_pikel, uniq_duvessa
D:8:      ashenzari_conservatory_becter, kennysheep_little_box,
          lemuel_crystal_altar
D:9:      lemuel_crystal_altar, dpeg_oklobed_lair, serial_shops, shop_fountains
D:12:     david_orc_5
D:13:     grunt_vaults_entry_fortified, serial_shops, nicolae_shop_stone,
          hangedman_fish_farm
D:14:     roderic_curled_sauvastika
D:15:     gammafunk_enter_depths_forms, minivault_25, uniq_rupert
Temple:   temple_eino_lava_12
Lair:1:   st_stairs_6, grunt_megastairs_2, infiniplex_staircase_pool, uniq_grum
Lair:2:   portal_ice_cave_entry_imps, minivault_25, minmay_holes,
          hibernation_bobbens, serial_bayou_shore_a, serial_bayou_shore_b
Lair:3:   nicolae_spider_entry_orb_guardian, basic_altar, enter_volcano_3,
          uniq_gastronok
Lair:4:   lab_entry_generic
Lair:5:   statuecave_lemuel, shoals_dummy_entry, grunt_megastairs_1,
          uniq_josephine
Lair:7:   nicolae_slime_entry_slimehenge
Lair:8:   evilmike_catoblepas_cave, lemuel_oklob_altar
Shoals:3: st_cyclops
Shoals:4: shoals_end_grunt_ice, shoals_ilsuiw_ice, serial_shops, shop,
          uniq_polyphemus, uniq_ilsuiw
Spider:1: worms_lemuel
Spider:4: grunt_spider_rune_parallel
Orc:1:    basic_altar
Orc:2:    pubby_orc_utopia
Elf:1:    serial_sigils, serial_sigils_hangedman_gnaw,
          serial_sigils_hangedman_leer, serial_sigils_hangedman_quiver,
          serial_sigils_hangedman_carve, serial_sigils_hangedman_snap,
          serial_sigils_hangedman_writhe, minmay_elf_sorcery
Elf:2:    lemuel_elevator
Elf:3:    elf_hall, minivault_16, elf_orc_summit_meeting
Vaults:1: v_alt_pattern_3, ontoclasm_vaults_ring_small, v_misc_29,
          vaults_room_grunt_arrival_ludios, nicolae_vaults_little_squares_4,
          hangedman_vaults_nodes, nicolae_vaults_windows_and_doors_thing,
          ontoclasm_vaults_eye, vaults_dpeg_encased_lava,
          grunt_vaults_hallway_short, vaults_mumra_hexcomb, vaults_room_pool,
          vaults_room_stairs_pillars, uniq_aizul, uniq_saint_roka
Vaults:2: ontoclasm_vaults_chip, v_misc_18, v_alt_pattern_6,
          nicolae_vaults_ring_of_whatevers, nicolae_vaults_little_ls,
          ontoclasm_vaults_decontamination, ontoclasm_vaults_claustrophobia,
          vaults_dpeg_hooks, nicolae_vaults_little_squares_2, v_misc_12,
          basic_altar
Vaults:3: ontoclasm_vaults_ring_large, v_rooms_5, v_misc_10, v_misc_12,
          grunt_vaults_focal, minmay_crypt_entry_nasty_monster,
          hangedman_vaults_maws, nicolae_vaults_angled_halls,
          ontoclasm_vaults_shuriken, ontoclasm_vaults_hangar, v_alt_pattern_1
Vaults:4: hangedman_vaults_capsules, grunt_vaults_twisty,
          nicolae_vaults_little_squares_4, nicolae_vaults_diagonal_hallway_8,
          nicolae_vaults_little_squares_2, v_misc_9, nicolae_vaults_asterisk,
          v_rooms_2, grunt_vaults_hallway_long, nicolae_vaults_disjoint_gnomons,
          v_misc_30
Vaults:5: serial_shops, uniq_xtahua, uniq_mennas, uniq_sojobo
Crypt:1:  st_shrine_of_skulls
Crypt:3:  church_of_pain_bobbens, grunt_ministairs_9, st_burial_chamber
Depths:1: grunt_metal_band, minmay_misc_feat_more_columns,
          kennysheep_another_room, kennysheep_donut, laboratory
Depths:2: box_level_dp, hell_entry, serial_shops, uniq_mara, uniq_wiglaf
Lab:      nicolae_lab_swirl, labyrinth_skeletal_remains
IceCv:    ice_cave_caverns_03
Volcano:  volcano_grotto

Action                   |  1- 3 |  4- 6 |  7- 9 | 10-12 | 13-15 | 16-18 | 19-21 | 22-24 | 25-27 || total
-------------------------+-------+-------+-------+-------+-------+-------+-------+-------+-------++-------
Melee: Flail             |   136 |   246 |   193 |  1033 |  2102 |    78 |       |       |       ||  3788
       Mace              |       |       |   189 |       |       |       |       |       |       ||   189
       Whip              |       |       |       |   174 |       |       |       |       |       ||   174
       Great mace        |       |       |       |       |   110 |       |       |   624 |       ||   734
       Eveningstar       |       |       |       |       |       |  1517 |  1647 |  1122 |   262 ||  4548
       Morningstar       |       |       |       |       |       |       |    31 |       |       ||    31
Invok: Heroism           |       |       |       |       |     1 |     1 |       |       |       ||     2
 Abil: Evoke Blink       |       |       |       |       |     2 |       |       |     1 |     4 ||     7
       Fly               |       |       |       |       |     1 |     2 |     2 |       |       ||     5
       Stop Flying       |       |       |       |       |     1 |     1 |     2 |       |       ||     4
Evoke: Wand              |       |       |     1 |     2 |     5 |     1 |     2 |     5 |     1 ||    17
       Rod               |       |       |       |       |     1 |     2 |       |       |       ||     3
       Phial of floods   |       |       |       |       |       |     1 |       |       |     1 ||     2
       Phantom mirror    |       |       |       |       |       |       |       |       |     3 ||     3
       Fan of gales      |       |       |       |       |       |       |       |       |     1 ||     1
  Use: Scroll            |       |     3 |     3 |    24 |    16 |    14 |    13 |    28 |     4 ||   105
       Potion            |       |     1 |     4 |     4 |    15 |     4 |     4 |     9 |    22 ||    63
 Stab: Sleeping          |       |     1 |       |     1 |       |       |       |       |       ||     2
       Invisible         |       |       |       |       |     2 |       |       |       |       ||     2
       Distracted        |       |       |       |       |       |       |       |       |     1 ||     1
  Eat: Chunk             |       |     6 |     9 |    31 |    22 |    11 |    17 |    13 |       ||   109
       Bread ration      |       |       |       |     1 |       |     2 |     2 |     1 |       ||     6
       Beef jerky        |       |       |       |     1 |     1 |     2 |     3 |     4 |       ||    11
       Pizza             |       |       |       |       |     4 |       |     3 |     3 |       ||    10
       Fruit             |       |       |       |       |     3 |     3 |     4 |       |       ||    10
       Meat ration       |       |       |       |       |     1 |       |       |     1 |       ||     2
       Royal jelly       |       |       |       |       |       |     4 |     3 |     6 |       ||    13
